 Dungeon Crawl Stone Soup version 0.30.1-4-g462c640d31 (webtiles) character file.

Game seed: 17413340060984433395

4328 leafyfresh the Nimble (level 10, -2/96 HPs)
             Began as a Merfolk Transmuter on Aug 13, 2023.
             Was a Priest of Cheibriados.
             Slain by an orc
             ... wielding a +0 hand axe
              (5 damage)
             ... on level 8 of the Dungeon.
             The game lasted 00:18:52 (8478 turns).

leafyfresh the Nimble (Merfolk Transmuter)          Turns: 8478, Time: 00:18:53

Health: -2/96      AC:  7    Str: 18    XL:     10   Next: 33%
Magic:  18/22      EV: 19    Int: 21    God:    Cheibriados [***...]
Gold:   346        SH:  0    Dex: 27    Spells: 3/13 levels left

rFire   x . .        l - melded +5 mace of Kalulosa {venom, rPois rF+ rC+ Int+2}
rCold   + + +        (shield currently unavailable)
rNeg    . . .        a - melded +0 robe
rPois   +            J - melded +0 helmet
rElec   .            p - melded +0 cloak
rCorr   .            B - melded +0 pair of gloves
SInv    .            (boots currently unavailable)
Will    .....        c - amulet of regeneration
Stlth   +++          r - ring of magical power
HPRegen 1.16/turn    (no ring)
MPRegen 0.18/turn

%: no passive effects
@: about to teleport, ice-form, very slow
A: freezing attack, boosted hp, large, (nimble swimmer 2), (mertail)
a: End Transformation, Renounce Religion, Bend Time, Temporal Distortion


You were on level 8 of the Dungeon.
You worshipped Cheibriados.
Cheibriados was most pleased with you.
You were a creature of crystalline ice.
You visited 1 branch of the dungeon, and saw 8 of its levels.

You collected 346 gold pieces.

Inventory:

Hand Weapons
 d - a +0 spear
 l - the +5 mace of Kalulosa (melded) {venom, rPois rF+ rC+ Int+2}
   (You found it on level 5 of the Dungeon)

   Int:       It affects your intelligence (+2).
   rF:        It protects you from fire.
   rC:        It protects you from cold.
   rPois:     It protects you from poison.
 q - a +4 hammer
 y - the +4 war axe "Qilimo Rewi" {drain, rPois rF++ MP-9 Dex-3}
   (You found it on level 5 of the Dungeon)

   Dex:       It affects your dexterity (-3).
   rF:        It greatly protects you from fire.
   rPois:     It protects you from poison.
   MP:        It affects your magic capacity (-9).
Missiles
 D - a throwing net
Armour
 a - a +0 robe (melded)
 p - a +0 cloak (melded)
 B - a +0 pair of gloves (melded)
 J - a +0 helmet (melded)
Jewellery
 c - an amulet of regeneration (around neck)
 r - a ring of magical power (left front paw)
Wands
 u - a wand of flame (28)
 z - a wand of light (10)
 A - a wand of roots (12)
 E - a wand of polymorph (5)
Scrolls
 e - 2 scrolls of teleportation
 h - 3 scrolls of immolation
 m - 2 scrolls of amnesia
 n - 2 scrolls of enchant weapon
 o - a scroll of fog {unknown}
 s - 4 scrolls of poison
 v - a scroll of vulnerability {unknown}
 x - a scroll of enchant armour {unknown}
 F - a scroll of identify
 I - a scroll of torment {unknown}
Potions
 b - 2 potions of lignification
 f - a potion of brilliance
 g - 2 potions of magic {unknown}
 i - a potion of attraction {unknown}
 j - 2 potions of haste
 k - a potion of invisibility {unknown}
 t - 4 potions of curing {unknown}
 w - a potion of might
 C - a potion of cancellation {unknown}
 G - a potion of mutation {unknown}
 H - a potion of ambrosia {unknown}


   Skills:
 + Level 8.1 Fighting
 + Level 10.0 Dodging
 + Level 2.1 Stealth
 + Level 8.7 Unarmed Combat
 - Level 2.0 Spellcasting
 - Level 9.6 Transmutations


You had 3 spell levels left.
You knew the following spells:

 Your Spells              Type           Power      Damage    Failure   Level
a - Beastly Appendage     Tmut           84%        N/A       1%          1
b - Spider Form           Tmut/Pois      22%        N/A       6%          3
c - Wereblood             Tmut           42%        N/A       1%          2
d - Ice Form              Ice/Tmut       22%        N/A       21%         4

Your spell library contained the following spells:

 Spells                   Type           Power      Damage    Failure   Level
 Ignite Poison            Fire/Tmut/Pois 15%        N/A       12%         3
 Cigotuvi's Dreadful Rot  Necr/Pois/Air  4%         N/A       22%         2
 Manifold Assault         Tloc           2%         N/A       82%         4
 Sticky Flame             Conj/Fire      2%         2d3       82%         4
 Freezing Cloud           Conj/Ice/Air   1%         6-21      99%         5
 Dispersal                Tloc           1%         N/A       100%        6
 Disjunction              Tloc           1%         N/A       100%        8
 Ignition                 Fire           1%         3d3       100%        8


Dungeon Overview and Level Annotations

Branches:
Dungeon (8/15)             Temple (0/1) D:7
   Lair: D:8-11

Altars:
Cheibriados
Elyvilon
Fedhas
Gozag
Kikubaaqudgha
Makhleb
Nemelex Xobeh
Trog
Vehumet
Wu Jian
Yredelemnul
The Shining One

Shops:
D:8 (

Annotations:
D:4 3 runed translucent doors, Bobit's ghost, novice GnRe
D:8 Prince Ribbit


Innate Abilities, Weirdness & Mutations

You are a creature of crystalline ice.
You have a powerful freezing melee attack.
Your maximum health is increased.
Your armour is entirely melded.
You are incapable of wielding weapons or throwing items.
((You are very nimble when in or above water. (Stealth+, EV+, Speed+++)))
((Your lower body shifts to a powerful aquatic tail in water.))


Message History

You barely miss the orc priest.
You punch the orc priest, but do no damage.
The orc priest completely misses you. The orc completely misses you. x2
The orc closely misses you. The orc wizard misses you.
Unknown command.
You bump into the rock wall.
You feel less confused.
The orc priest calls upon Beogh to heal the orc wizard.
The orc wizard is healed somewhat.
The orc completely misses you. The orc closely misses you.
The orc completely misses you. The orc wizard barely misses you.
Unknown command.
Casting: Ice Form (dangerous; 17% risk of failure)
Confirm with . or Enter, or press ? or * to list all spells.
You turn into a creature of crystalline ice.
The +5 mace of Kalulosa {venom, rPois rF+ rC+ Int+2} melds into your body.
Your +0 cloak melds into your body.
Your +0 helmet melds into your body.
Your +0 pair of gloves melds into your body.
Your +0 robe melds into your body.
The +5 mace of Kalulosa {venom, rPois rF+ rC+ Int+2} stops dripping with poison.
The orc priest closely misses you. The orc hits you with a +0 dagger.
The orc barely misses you. The orc closely misses you.
The orc wizard casts a spell at you.
You easily resist.
As you read the scroll of teleportation, it crumbles to dust.
You feel strangely unstable.
Prince Ribbit croaks regally.
Prince Ribbit closely misses you. The orc priest misses you.
The orc hits you with a +0 dagger. The orc hits you with a +0 short sword.
* * * LOW HITPOINT WARNING * * *
The orc misses you. The orc wizard casts a spell at you.
The puff of flame hits you! The fire burns you terribly!
* * * LOW HITPOINT WARNING * * *
You completely miss Prince Ribbit. Prince Ribbit hits you!
* * * LOW HITPOINT WARNING * * *
The orc priest hits you with a +0 flail.
* * * LOW HITPOINT WARNING * * *
The orc closely misses you. x2; The orc hits you with a +0 hand axe.
You die...

..##...................
#....#.#....)).........
####...######†#..>.##.#
#.### #.#....# .. ####.#
#.#....# ...#.# #.#....#
##.#.########.#....#
##.#.......##..ooF.#
....[.####.####oYo##
##.#.......#####o##
##.#..##.........#
...#..##.#.#########
#######
####...............#
#.....#
#..#..........#.####.###.#
#..#....#####.#........#(#
#.......# #.######.#.#.#
#####.#######.#### #.....#


You could see Prince Ribbit, an orc priest, an orc wizard and 3 orcs.

Vanquished Creatures
  Pikel (D:5)
  Maggie (D:7)
  Grinder (D:5)
  A hornet (D:8)
  Sigmund (D:4)
  A vampire (D:7)
  A steam dragon (D:7)
  Menkaure (D:5)
  A water moccasin (D:5)
  2 black bears
  An orc warrior (D:7)
  An ice beast (D:7)
  2 ogres
  A sky beast (D:6)
  4 centaurs
  2 phantoms
  2 bullfrogs
  A gnoll sergeant (D:6)
  3 scorpions (D:5)
  8 howler monkeys
  A hound (D:7)
  5 orc priests
  Crazy Yiuf (D:3)
  A jelly (D:4)
  3 iguanas
  9 orc wizards
  5 gnolls (D:6)
  6 adders
  A shadow imp (D:6)
  3 white imps
  An ufetubus (D:5)
  3 worms
  30 orcs
  4 ball pythons
  4 bats
  5 endoplasms
  A giant cockroach (D:1)
  6 goblins
  3 hobgoblins
  7 quokkas
  2 frilled lizards
  5 kobolds
  7 rats
149 creatures vanquished.

Vanquished Creatures (others)
  An orc wizard (D:6)
1 creature vanquished.

Grand Total: 150 creatures vanquished

Notes
Turn   | Place    | Note
-------+----------+-------------------------------------------
     0 | D:1      | leafyfresh the Merfolk Transmuter began the quest for the
                  | Orb.
     0 | D:1      | Reached XP level 1. HP: 15/15 MP: 3/3
   409 | D:1      | Reached XP level 2. HP: 21/21 MP: 5/5
   950 | D:2      | Found a faded altar of an unknown god.
  1006 | D:2      | Reached XP level 3. HP: 26/26 MP: 6/6
  1194 | D:3      | Found a snail-covered altar of Cheibriados.
  1299 | D:3      | Reached skill level 5 in Transmutations
  1330 | D:3      | Became a worshipper of Cheibriados the Contemplative
  1609 | D:3      | Reached XP level 4. HP: 10/32 MP: 7/7
  2072 | D:3      | Found an ornate altar of the Wu Jian Council.
  2120 | D:3      | Found a runed translucent door.
  2121 | D:3      | Noticed Crazy Yiuf
  2175 | D:3      | Found a glowing golden altar of the Shining One.
  2234 | D:3      | Found an opulent altar of Gozag.
  2234 | D:3      | Found a sparkling altar of Nemelex Xobeh.
  2237 | D:3      | Found a burning altar of Makhleb.
  2238 | D:3      | Found a radiant altar of Vehumet.
  2423 | D:3      | Learned a level 3 spell: Spider Form
  2464 | D:3      | Killed Crazy Yiuf
  2465 | D:3      | Reached XP level 5. HP: 37/37 MP: 4/8
  2760 | D:4      | Noticed Sigmund
  3146 | D:4      | Reached * piety under Cheibriados
  3272 | D:4      | Noticed an ogre
  3305 | D:4      | Killed Sigmund
  3306 | D:4      | Reached XP level 6. HP: 35/43 MP: 9/9
  3349 | D:4      | Learned a level 2 spell: Wereblood
  3354 | D:4      | Found a runed translucent gate.
  3354 | D:4      | Found a runed translucent gate.
  3354 | D:4      | Found a runed translucent gate.
  3361 | D:4      | Reached XP level 7. HP: 48/48 MP: 10/10
  3364 | D:4      | Noticed Bobit's ghost (novice GnRe)
  3679 | D:5      | Entered Level 5 of the Dungeon
  3679 | D:5      | Noticed Pikel
  3744 | D:5      | Reached skill level 3 in Dodging
  3817 | D:5      | Noticed Menkaure
  3830 | D:5      | Killed Menkaure
  3831 | D:5      | Reached skill level 4 in Dodging
  3887 | D:5      | HP: 1/51 [ogre/+0 giant club (15)]
  3894 | D:5      | HP: 2/51 [water moccasin (5)]
  3986 | D:5      | Reached XP level 8. HP: 58/58 MP: 11/11
  3992 | D:5      | Identified the +4 war axe "Qilimo Rewi" {drain, rPois rF++
                  | MP-9 Dex-3}
  4038 | D:5      | Noticed Grinder
  4063 | D:5      | Killed Grinder
  4064 | D:5      | Reached skill level 5 in Dodging
  4064 | D:5      | Reached skill level 5 in Unarmed Combat
  4161 | D:5      | Killed Pikel
  4162 | D:5      | Reached skill level 5 in Fighting
  4162 | D:5      | Reached skill level 6 in Dodging
  4408 | D:5      | Identified the +5 mace of Kalulosa {venom, rPois rF+ rC+
                  | Int+2}
  4593 | D:5      | Reached XP level 9. HP: 64/68 MP: 12/12
  4709 | D:5      | Reached skill level 7 in Dodging
  5678 | D:6      | Found a bloodstained altar of Trog.
  5935 | D:6      | Reached ** piety under Cheibriados
  6084 | D:6      | Reached skill level 8 in Dodging
  6363 | D:6      | Learned a level 4 spell: Ice Form
  6516 | D:7      | Noticed Maggie
  6570 | D:7      | Reached skill level 9 in Dodging
  6592 | D:7      | Found a basalt altar of Yredelemnul.
  6630 | D:7      | Found a staircase to the Ecumenical Temple.
  6715 | D:7      | Killed Maggie
  6716 | D:7      | Reached XP level 10. HP: 73/80 MP: 2/13
  6941 | D:7      | Found a blossoming altar of Fedhas.
  6962 | D:7      | Reached *** piety under Cheibriados
  7162 | D:7      | Found an ancient bone altar of Kikubaaqudgha.
  7683 | D:6      | Found a white marble altar of Elyvilon.
  7799 | D:6      | Reached skill level 1 in Stealth
  8132 | D:8      | Found Ojam's Weapon Boutique.
  8162 | D:8      | Reached skill level 10 in Dodging
  8472 | D:8      | Noticed Prince Ribbit
  8478 | D:8      | HP: 4/96 [Prince Ribbit (12)]
  8478 | D:8      | Slain by an orc

Illustrated notes

Levels and vault maps discovered:
D:1:      lightli_arrival_flooded_house, layout_loops_corners,
          roderic_three_in_a_row
D:2:      layout_rooms, shapermc_ecumenical_altar_pompeii, serial_forest,
          infiniplex_forest_clump_small, infiniplex_forest_lined_3,
          infiniplex_forest_end_2, infiniplex_forest_lined_1,
          infiniplex_forest_clump_double, infiniplex_forest_end_1,
          infiniplex_forest_clump_long
D:3:      layout_rooms, lemuel_coloured_pillars_altar, lemuel_round_altar,
          minitemple, pdpol_wu_jian_five_deadly_venoms,
          nicolae_concentric_dashed_squares_mild, corexii_corridor_pit,
          minmay_pentomino_pile, uniq_crazy_yiuf_cottage
D:4:      layout_cave_pods, gammafunk_ghost_nasty_kobolds, uniq_sigmund
D:5:      layout_loops_ring, grunt_ministairs_8, uniq_grinder, uniq_pikel,
          uniq_menkaure
D:6:      layout_basic, elyvilon_altar_1, trog_three_pillars_becter
D:7:      layout_gridville, lemuel_round_altar, fedhas_altar_3,
          mainiacjoe_overflow_six_doors_small, minmay_temple_entry_ruins,
          uniq_maggie
D:8:      layout_loops_cross, serial_shops, shop, kennysheep_nondescript,
          uniq_prince_ribbit1

Skill      XL: |  1  2  3  4  5  6  7  8  9 10 |
---------------+-------------------------------+-----
Transmutations | 3 4 5 6 9 |  9.6
Dodging        | 4 6 9 10 | 10.0
Fighting       | 3 5 7 8 |  8.1
Unarmed Combat | 4 6 8 |  8.7
Stealth        | 2 |  2.1
Spellcasting   | |  2.0

Action                     |  1- 3 |  4- 6 |  7- 9 | 10-12 || total
---------------------------+-------+-------+-------+-------++-------
  Melee: Spear             |   154 |    28 |       |       ||   182
         Unarmed           |     6 |    25 |   195 |    58 ||   284
         Headbutt          |    11 |     7 |    14 |       ||    32
         Punch             |     3 |       |     4 |     2 ||     9
         Mace              |       |    17 |    75 |     7 ||    99
   Cast: Beastly Appendage |    14 |     4 |     7 |       ||    25
         Spider Form       |       |     4 |    12 |       ||    16
         Ice Form          |       |       |     5 |    10 ||    15
  Evoke: Wand              |       |       |     1 |       ||     1
    Use: Potion            |       |       |     4 |       ||     4
         Scroll            |       |       |     5 |     3 ||     8
   Stab: Sleeping          |     1 |       |     2 |       ||     3
         Distracted        |     1 |       |       |       ||     1
 Armour: Robe              |    32 |     4 |    14 |     3 ||    53
         Skin              |       |     1 |    19 |    14 ||    34
  Dodge: Dodged            |   106 |    68 |   295 |    76 ||   545
